Wolfes vs Gangsters
Created - February 22, 2021 at 19:34
Goals
|
Wolfes |
1 |
1 |
3 |
5 |
Gangsters |
1 |
0 |
0 |
1 |
|
Shots
|
Wolfes |
14 |
14 |
10 |
38 |
Gangsters |
16 |
7 |
6 |
29 |
|
1st period
1. Wolfes , Thomas Spelling 8 (Michael Stone 16, Matthew Highmore 6) at 6:38
2. Gangsters , Dave Dziurzynski 29 (Richard Panik 54, Artem Anisimov 46) at 17:27
Penalties :
Michael Stone (RIM) for Interference (Minor) at 0:40, Kevin Roy (Bro) for Interference (Minor) at 11:43
2nd period
3. Wolfes , Sebastian Aho 18 (Michael Stone 17, Alexandre Grenier 38) at 7:10
Penalties :
Stefan Noesen (Bro) for Hooking (Minor) at 18:23
3rd period
4. Wolfes , Michael Stone 5 (Kyle Rau 26, Laurent Brossoit) at 0:20 (PP)
5. Wolfes , Fredrik Olofsson 2 (Max Friberg 27, Martin Hanzal 39) at 1:04
6. Wolfes , Thomas Spelling 9 (Jeffrey Foss 23, Laurent Brossoit) at 11:40
Penalties :
Jonas Brodin (Bro) for Hooking (Minor) at 2:30, Connor Chatam (Bro) for Hooking (Minor) at 4:34, Anton Lindholm (RIM) for Tripping (Minor) at 7:25, Fredrik Olofsson (RIM) for High sticking (Minor) at 12:18, Connor Chatam (Bro) for Holding (Minor) at 19:49
Goalie Stats
Laurent Brossoit (RIM), 28 saves from 29 shots - (0.966), W, 23-12-3, 60:00 minutes
Jordan Binnington (Bro), 33 saves from 38 shots - (0.868), L, 9-13-1, 60:00 minutes
Players Stats for Wolfes
Player Name G A P +/- PIM S H SB GA TA FO MP PP MP PK MP
------------------------------------------------------------------------------------
Alexandre Grenier 0 1 1 2 0 4 0 1 0 1 3/5 17:49 0:05 3:14
Anton Karlsson 0 0 0 0 0 1 0 0 0 1 0/0 10:30 0:00 0:00
Anton Lindholm 0 0 0 0 2 0 1 2 1 2 0/0 18:21 0:00 1:04
Damon Severson 0 0 0 0 0 0 4 2 0 1 0/0 25:19 4:41 2:32
Eric Robinson 0 0 0 1 0 2 1 0 0 0 1/1 10:03 0:05 0:00
Fredrik Olofsson 1 0 1 0 2 1 4 1 0 0 0/0 15:49 3:44 0:00
Jakub Zboril 0 0 0 1 0 1 0 0 0 0 0/0 13:17 0:19 0:00
Jeffrey Foss 0 1 1 2 0 3 1 2 2 1 0/0 22:10 3:23 3:25
Joe Morrow 0 0 0 1 0 2 3 3 0 0 0/0 19:23 3:23 3:25
Kyle Rau 0 1 1 0 0 1 0 1 0 0 11/19 15:31 3:54 2:02
Lawson Crouse 0 0 0 2 0 0 3 1 0 0 0/1 18:58 4:02 0:39
Martin Hanzal 0 1 1 0 0 4 0 0 0 0 6/11 11:58 0:00 0:00
Matthew Highmore 0 1 1 1 0 1 1 0 0 0 3/5 9:22 0:18 0:00
Max Friberg 0 1 1 0 0 0 1 1 0 1 0/1 18:09 4:05 2:02
Michael Stone 1 2 3 2 2 2 3 0 2 3 0/0 21:30 4:22 1:28
Sebastian Aho 1 0 1 2 0 5 3 1 1 1 7/21 21:30 4:05 2:57
Thomas Spelling 2 0 2 1 0 8 1 0 0 0 0/0 13:51 3:54 1:00
Victor Olofsson 0 0 0 0 0 3 0 0 0 0 0/0 10:30 0:00 0:00
Players Stats for Gangsters
Player Name G A P +/- PIM S H SB GA TA FO MP PP MP PK MP
------------------------------------------------------------------------------------
Adam Lowry 0 0 0 0 0 0 0 1 0 0 1/1 7:20 0:00 0:00
Artem Anisimov 0 1 1 1 0 2 3 4 1 1 17/33 23:07 3:30 4:35
Brett Ponich 0 0 0 0 0 2 3 1 1 0 0/0 28:26 3:10 4:18
Connor Chatam 0 0 0 0 4 0 0 0 0 1 0/0 7:21 0:00 0:00
Dave Dziurzynski 1 0 1 1 0 6 4 1 0 0 0/2 20:42 3:15 2:25
David Pope 0 0 0 0 0 2 2 0 0 1 0/0 10:30 2:47 0:00
Derrick Pouliot 0 0 0 -3 0 2 1 1 0 1 0/0 16:29 0:00 3:46
Jonas Brodin 0 0 0 -3 2 1 0 2 0 1 0/0 19:18 2:47 2:38
Kevin Roy 0 0 0 0 2 0 0 0 2 0 3/5 11:11 0:00 1:15
Morgan Ellis 0 0 0 0 0 3 1 0 0 0 0/0 28:21 3:10 4:14
Phillip Danault 0 0 0 0 0 2 1 0 1 0 0/0 11:24 0:15 0:51
Richard Panik 0 1 1 1 0 3 2 0 2 0 7/10 22:50 3:15 4:30
Samuel Blais 0 0 0 -4 0 1 2 0 0 0 0/0 16:21 2:27 0:00
Sebastian Collberg 0 0 0 0 0 2 1 0 0 0 0/0 10:08 0:15 0:00
Seth Griffith 0 0 0 -4 0 2 2 1 0 0 5/11 16:47 2:27 0:37
Stefan Noesen 0 0 0 -4 2 1 0 1 4 0 0/2 18:03 2:27 1:55
Steven Santini 0 0 0 0 0 0 1 0 0 0 0/0 12:16 0:00 1:08
Vince Dunn 0 0 0 0 0 0 0 0 0 1 0/0 11:17 0:00 0:04
3 Stars
1 - Michael Stone (RIM)
2 - Thomas Spelling (RIM)
3 - Sebastian Aho (RIM)
Power Play
Wolfes - 1 on 5 Attempt(s) - 20.00%
Gangsters - 0 on 3 Attempt(s) - 0.00%
Penalty Kill
Wolfes - 3 on 3 Attempt(s) - 100.00%
- Score 0 goal in Penalty Kill
Gangsters - 4 on 5 Attempt(s) - 80.00%
- Score 0 goal in Penalty Kill
Team Stat
Wolfes - Hits : 26 - Faceoff Wins : 31 - Blocked Shots : 15 - Penalty Minutes : 6
Gangsters - Hits : 23 - Faceoff Wins : 33 - Blocked Shots : 12 - Penalty Minutes : 10
Official
Referees : Unknown
Linesman : Unknown
Game Notes
No Game Note
Finance
Level 1 -- Attendance: 1336 (66.80%) -- Ticket Income $53,440
Level 2 -- Attendance: 687 (68.70%) -- Ticket Income $13,740
Total Attendance: 2023 (67.43%)
Total Ticket Income: $67,180
Other Income: $3,359
Total Income: $70,539
Wolfes
5 vs 5 Forward
Center Left Wing Right Wing Time % Phy DF OF
1 Sebastian Aho Lawson Crouse Alexandre Grenier 33 1 2 2
2 Martin Hanzal Fredrik Olofsson Max Friberg 26 1 2 2
3 Kyle Rau Anton Karlsson Victor Olofsson 22 1 2 2
4 Matthew Highmore Eric Robinson Thomas Spelling 19 1 2 2
5 vs 5 Defense
Defense Defense Time % Phy DF OF
1 Jeffrey Foss Michael Stone 36 1 2 2
2 Anton Lindholm Damon Severson 34 1 2 2
3 Joe Morrow Jakub Zboril 30 1 2 2
4 Damon Severson Michael Stone 0 1 2 2
PowerPlay Forward
Center Left Wing Right Wing Time % Phy DF OF
1 Sebastian Aho Lawson Crouse Max Friberg 50 1 2 2
2 Kyle Rau Fredrik Olofsson Thomas Spelling 50 1 2 2
PowerPlay Defense
Defense Defense Time % Phy DF OF
1 Michael Stone Damon Severson 60 1 2 2
2 Jeffrey Foss Joe Morrow 40 1 2 2
Penalty Kill 4 Players Forward
Center Wing Time % Phy DF OF
1 Alexandre Grenier Sebastian Aho 60 1 2 2
2 Kyle Rau Max Friberg 40 1 2 2
Penalty Kill 4 Players Defense
Defense Defense Time % Phy DF OF
1 Jeffrey Foss Joe Morrow 60 1 2 2
2 Damon Severson Michael Stone 40 1 2 2
Penalty Kill - 3 Players Forward
Forward Time % Phy DF OF
1 Alexandre Grenier 60 1 2 2
2 Martin Hanzal 40 1 2 2
Penalty Kill - 3 Players Defense
Defense Defense Time % Phy DF OF
1 Jeffrey Foss Damon Severson 60 1 2 2
2 Joe Morrow Jakub Zboril 40 1 2 2
4 vs 4 Forward
Center Wing Time % Phy DF OF
1 Martin Hanzal Victor Olofsson 60 1 2 2
2 Kyle Rau Max Friberg 40 1 2 2
4 vs 4 Defense
Defense Defense Time % Phy DF OF
1 Jeffrey Foss Anton Lindholm 60 1 2 2
2 Damon Severson Jakub Zboril 40 1 2 2
Last Minutes Offensive
Center Left Wing Right Wing Defense Defense
Sebastian Aho Fredrik Olofsson Max Friberg Joe Morrow Damon Severson
Last Minutes Defensive
Center Left Wing Right Wing Defense Defense
Martin Hanzal Lawson Crouse Alexandre Grenier Anton Lindholm Jeffrey Foss
Goaltenders
Starting : Laurent Brossoit
Backup : Ebbe Siönäs
Extra Forwards
Normal : Thomas Spelling, Eric Robinson, Matthew Highmore - PP : Matthew Highmore, Eric Robinson - PK : Thomas Spelling
Extra Defensemen
Normal : Jakub Zboril, Anton Lindholm, Joe Morrow - PP : Jakub Zboril - PK : Anton Lindholm, Jakub Zboril
Penalty Shots
Sebastian Aho, Martin Hanzal, Damon Severson, Alexandre Grenier, Max Friberg
Scratches
Blake Pietila (Left Knee Injury), Kevin Stenlund (Healthy), Zachary Senyshyn (Healthy), Austin Wuthrich (Healthy), Louis Belpedio (Healthy)
Cameron Darcy (Healthy), Nolan Vesey (Healthy), Vaclav Karabacek (Healthy), Kyle Pettit (Healthy), Dylan Sadowy (Healthy)
Gangsters
5 vs 5 Forward
Center Left Wing Right Wing Time % Phy DF OF
1 Artem Anisimov Dave Dziurzynski Richard Panik 40 1 2 2
2 Seth Griffith Samuel Blais Stefan Noesen 30 1 2 2
3 Kevin Roy Phillip Danault Sebastian Collberg 20 1 2 2
4 Adam Lowry David Pope Connor Chatam 10 1 2 2
5 vs 5 Defense
Defense Defense Time % Phy DF OF
1 Brett Ponich Morgan Ellis 40 1 2 2
2 Jonas Brodin Derrick Pouliot 30 1 2 2
3 Vince Dunn Steven Santini 20 1 2 2
4 Brett Ponich Morgan Ellis 10 1 2 2
PowerPlay Forward
Center Left Wing Right Wing Time % Phy DF OF
1 Artem Anisimov Dave Dziurzynski Richard Panik 60 1 2 2
2 Seth Griffith Samuel Blais Stefan Noesen 40 1 2 2
PowerPlay Defense
Defense Defense Time % Phy DF OF
1 Brett Ponich Morgan Ellis 60 1 2 2
2 Jonas Brodin David Pope 40 1 2 2
Penalty Kill 4 Players Forward
Center Wing Time % Phy DF OF
1 Richard Panik Artem Anisimov 60 1 2 2
2 Stefan Noesen Dave Dziurzynski 40 1 2 2
Penalty Kill 4 Players Defense
Defense Defense Time % Phy DF OF
1 Brett Ponich Morgan Ellis 60 1 2 2
2 Jonas Brodin Derrick Pouliot 40 1 2 2
Penalty Kill - 3 Players Forward
Forward Time % Phy DF OF
1 Richard Panik 60 1 2 2
2 Artem Anisimov 40 1 2 2
Penalty Kill - 3 Players Defense
Defense Defense Time % Phy DF OF
1 Brett Ponich Morgan Ellis 60 1 2 2
2 Jonas Brodin Derrick Pouliot 40 1 2 2
4 vs 4 Forward
Center Wing Time % Phy DF OF
1 Richard Panik Artem Anisimov 60 1 2 2
2 Stefan Noesen Samuel Blais 40 1 2 2
4 vs 4 Defense
Defense Defense Time % Phy DF OF
1 Brett Ponich Morgan Ellis 60 1 2 2
2 Jonas Brodin Derrick Pouliot 40 1 2 2
Last Minutes Offensive
Center Left Wing Right Wing Defense Defense
Artem Anisimov Samuel Blais Richard Panik Brett Ponich Morgan Ellis
Last Minutes Defensive
Center Left Wing Right Wing Defense Defense
Artem Anisimov Dave Dziurzynski Richard Panik Brett Ponich Morgan Ellis
Goaltenders
Starting : Jordan Binnington
Backup : Samuel Montembeault
Extra Forwards
Normal : Phillip Danault, Sebastian Collberg, Kevin Roy - PP : Phillip Danault, Sebastian Collberg - PK : Kevin Roy
Extra Defensemen
Normal : Vince Dunn, Steven Santini, Jonas Brodin - PP : Vince Dunn - PK : Steven Santini, Jonas Brodin
Penalty Shots
Richard Panik, Artem Anisimov, Stefan Noesen, Dave Dziurzynski, Seth Griffith
Scratches
Will Borgen (Healthy), Colton White (Healthy), Dryden Hunt (Healthy), Joel Kiviranta (Healthy), Mikhail Vorobyev (Healthy)
Ryan Culkin (Healthy), Keegan Kolesar (Healthy), Joshua Jacobs (Healthy), Jacob Middleton (Healthy), Jake Marchment (Healthy)
% Time on Ice - Wolfes
Lines # - Real PCT - Wanted PCT - Time Play
Normal Forward
1 - 32% - 33% - 14:38
2 - 26% - 26% - 12:02
3 - 23% - 22% - 10:30
4 - 19% - 19% - 8:49
Normal Defense
1 - 34% - 36% - 15:45
2 - 39% - 34% - 17:43
3 - 27% - 30% - 12:31
4 - 0% - 0% - 0:00
PP Forward
1 - 52% - 50% - 4:10
2 - 48% - 50% - 3:54
PP Defense
1 - 58% - 60% - 4:41
2 - 42% - 40% - 3:23
PK Forward
1 - 66% - 60% - 3:55
2 - 34% - 40% - 2:02
PK Defense
1 - 57% - 60% - 3:25
2 - 43% - 40% - 2:32
PK3 Forward
1 - 0% - 60%
2 - 0% - 40%
PK3 Defense
1 - 0% - 60%
2 - 0% - 40%
44 Forward
1 - 0% - 60%
2 - 0% - 40%
44 Defense
1 - 0% - 60%
2 - 0% - 40%
Last Minute Offensive - 0:00
Last Minute Defensive - 0:00
Total
Forward - 60:00
Defense - 60:00
|
% Time on Ice - Gangsters
Lines # - Real PCT - Wanted PCT - Time Play
Normal Forward
1 - 33% - 40% - 15:12
2 - 30% - 30% - 13:42
3 - 21% - 20% - 9:45
4 - 16% - 10% - 7:20
Normal Defense
1 - 41% - 40% - 18:48
2 - 30% - 30% - 13:54
3 - 24% - 20% - 11:08
4 - 5% - 10% - 2:09
PP Forward
1 - 59% - 60% - 3:30
2 - 41% - 40% - 2:27
PP Defense
1 - 53% - 60% - 3:10
2 - 47% - 40% - 2:47
PK Forward
1 - 70% - 60% - 5:39
2 - 30% - 40% - 2:25
PK Defense
1 - 52% - 60% - 4:14
2 - 48% - 40% - 3:50
PK3 Forward
1 - 0% - 60%
2 - 0% - 40%
PK3 Defense
1 - 0% - 60%
2 - 0% - 40%
44 Forward
1 - 0% - 60%
2 - 0% - 40%
44 Defense
1 - 0% - 60%
2 - 0% - 40%
Last Minute Offensive - 0:00
Last Minute Defensive - 0:00
Total
Forward - 60:00
Defense - 60:00
|
Play-by-Play
1st period
0:01 of 1st period - Artem Anisimov wins face-off versus Sebastian Aho in neutral zone.
0:16 of 1st period - Snap shot by Alexandre Grenier.
0:16 of 1st period - Stopped by Jordan Binnington with a rebound.
0:40 of 1st period - Minor Penalty to Michael Stone for Interference.
0:41 of 1st period - Alexandre Grenier wins face-off versus Artem Anisimov in Wolfes zone.
0:53 of 1st period - Wrist shot by Artem Anisimov.
0:53 of 1st period - Deflect By Richard Panik.
0:53 of 1st period - Stopped by Laurent Brossoit without a rebound.
0:54 of 1st period - Kyle Rau wins face-off versus Stefan Noesen in Wolfes zone.
1:19 of 1st period - Alexandre Grenier is hit by David Pope and loses puck.
2:34 of 1st period - Kyle Rau is hit by Dave Dziurzynski and loses puck.
2:40 of 1st period - Penalty to Michael Stone is over, Michael Stone is back on ice.
3:37 of 1st period - Kyle Rau is hit by Steven Santini and loses puck.
4:04 of 1st period - Wrist shot by Martin Hanzal.
4:04 of 1st period - Stopped by Jordan Binnington with a rebound.
5:23 of 1st period - Artem Anisimov is hit by Damon Severson.
5:52 of 1st period - Snap shot by Thomas Spelling.
5:52 of 1st period - Stopped by Jordan Binnington with a rebound.
5:54 of 1st period - Slapshot by Jeffrey Foss.
5:54 of 1st period - Stopped by Jordan Binnington without a rebound.
5:55 of 1st period - Kevin Roy wins face-off versus Matthew Highmore in Gangsters zone.
6:02 of 1st period - Snap shot by Kevin Roy.
6:02 of 1st period - Deflect By Phillip Danault.
6:02 of 1st period - Stopped by Laurent Brossoit with a rebound.
6:16 of 1st period - Wrist shot by Thomas Spelling.
6:16 of 1st period - Shot Blocked by Jonas Brodin.
6:28 of 1st period - Wrist shot by Thomas Spelling.
6:28 of 1st period - Stopped by Jordan Binnington with a rebound.
6:30 of 1st period - Snap shot by Matthew Highmore.
6:30 of 1st period - Stopped by Jordan Binnington with a rebound.
6:32 of 1st period - Snap shot by Jeffrey Foss.
6:32 of 1st period - Shot Misses the Net.
6:38 of 1st period - Slapshot by Michael Stone.
6:38 of 1st period - Deflect By Thomas Spelling.
6:38 of 1st period - Goal by Thomas Spelling - Wolfes : 1 - Gangsters : 0.
6:39 of 1st period - Sebastian Aho wins face-off versus Artem Anisimov in neutral zone.
6:42 of 1st period - Slapshot by Alexandre Grenier.
6:42 of 1st period - Stopped by Jordan Binnington without a rebound.
6:43 of 1st period - Artem Anisimov wins face-off versus Lawson Crouse in Gangsters zone.
6:54 of 1st period - Snap shot by Artem Anisimov.
6:54 of 1st period - Deflect By Dave Dziurzynski.
6:54 of 1st period - Stopped by Laurent Brossoit with a rebound.
7:12 of 1st period - Wrist shot by Seth Griffith.
7:12 of 1st period - Stopped by Laurent Brossoit with a rebound.
7:30 of 1st period - Snap shot by Sebastian Collberg.
7:30 of 1st period - Stopped by Laurent Brossoit with a rebound.
7:53 of 1st period - Snap shot by Alexandre Grenier.
7:53 of 1st period - Shot Misses the Net.
7:55 of 1st period - Snap shot by Sebastian Aho.
7:55 of 1st period - Stopped by Jordan Binnington without a rebound.
7:56 of 1st period - Adam Lowry wins face-off versus Sebastian Aho in Gangsters zone.
7:56 of 1st period - Adam Lowry is hit by Lawson Crouse.
8:32 of 1st period - Snap shot by David Pope.
8:32 of 1st period - Stopped by Laurent Brossoit with a rebound.
8:34 of 1st period - Slapshot by Derrick Pouliot.
8:34 of 1st period - Stopped by Laurent Brossoit without a rebound.
8:35 of 1st period - Artem Anisimov wins face-off versus Kyle Rau in Wolfes zone.
8:42 of 1st period - Snap shot by Artem Anisimov.
8:42 of 1st period - Deflect By Dave Dziurzynski.
8:42 of 1st period - Shot Misses the Net.
8:42 of 1st period - Puck is out of play.
8:43 of 1st period - Kyle Rau wins face-off versus Artem Anisimov in Wolfes zone.
8:43 of 1st period - Kyle Rau is hit by Dave Dziurzynski.
8:49 of 1st period - Slapshot by Damon Severson.
8:49 of 1st period - Deflect By Victor Olofsson.
8:49 of 1st period - Shot Blocked by Artem Anisimov.
8:49 of 1st period - Puck is out of play.
8:50 of 1st period - Artem Anisimov wins face-off versus Kyle Rau in Gangsters zone.
9:15 of 1st period - Damon Severson is hit by Seth Griffith and loses puck.
10:18 of 1st period - Snap shot by Dave Dziurzynski.
10:18 of 1st period - Stopped by Laurent Brossoit without a rebound.
10:19 of 1st period - Kyle Rau wins face-off versus Dave Dziurzynski in Wolfes zone.
10:19 of 1st period - Kyle Rau is hit by Artem Anisimov.
10:27 of 1st period - Snap shot by Artem Anisimov.
10:27 of 1st period - Shot Blocked by Kyle Rau.
10:29 of 1st period - Snap shot by Jonas Brodin.
10:29 of 1st period - Shot Blocked by Anton Lindholm.
10:45 of 1st period - Jonas Brodin is hit by Fredrik Olofsson and loses puck.
10:50 of 1st period - Snap shot by Martin Hanzal.
10:50 of 1st period - Stopped by Jordan Binnington with a rebound.
11:43 of 1st period - Minor Penalty to Kevin Roy for Interference.
11:44 of 1st period - Richard Panik wins face-off versus Sebastian Aho in Gangsters zone.
11:44 of 1st period - Richard Panik is hit by Max Friberg.
11:51 of 1st period - Icing by Max Friberg.
11:52 of 1st period - Sebastian Aho wins face-off versus Richard Panik in Wolfes zone.
12:11 of 1st period - Richard Panik is hit by Michael Stone and loses puck.
12:42 of 1st period - Slapshot by Kyle Rau.
12:42 of 1st period - Shot Misses the Net.
12:44 of 1st period - Wrist shot by Kyle Rau.
12:44 of 1st period - Shot Misses the Net.
13:43 of 1st period - Penalty to Kevin Roy is over, Kevin Roy is back on ice.
14:28 of 1st period - Phillip Danault is hit by Eric Robinson and loses puck.
14:42 of 1st period - Slapshot by Sebastian Collberg.
14:42 of 1st period - Stopped by Laurent Brossoit with a rebound.
15:01 of 1st period - Off-side.
15:02 of 1st period - Martin Hanzal wins face-off versus Artem Anisimov in neutral zone.
15:24 of 1st period - Jonas Brodin is hit by Joe Morrow and loses puck.
15:49 of 1st period - Slapshot by Brett Ponich.
15:49 of 1st period - Shot Blocked by Anton Lindholm.
16:01 of 1st period - Anton Lindholm is hit by Dave Dziurzynski and loses puck.
16:22 of 1st period - Snap shot by Stefan Noesen.
16:22 of 1st period - Stopped by Laurent Brossoit without a rebound.
16:23 of 1st period - Seth Griffith wins face-off versus Martin Hanzal in Wolfes zone.
16:33 of 1st period - Wrist shot by Martin Hanzal.
16:33 of 1st period - Stopped by Jordan Binnington with a rebound.
16:35 of 1st period - Slapshot by Jakub Zboril.
16:35 of 1st period - Stopped by Jordan Binnington with a rebound.
16:37 of 1st period - Slapshot by Jakub Zboril.
16:37 of 1st period - Shot Blocked by Seth Griffith.
16:54 of 1st period - Snap shot by Artem Anisimov.
16:54 of 1st period - Shot Blocked by Alexandre Grenier.
16:56 of 1st period - Slapshot by Jonas Brodin.
16:56 of 1st period - Stopped by Laurent Brossoit with a rebound.
16:58 of 1st period - Wrist shot by Dave Dziurzynski.
16:58 of 1st period - Stopped by Laurent Brossoit without a rebound.
16:59 of 1st period - Kyle Rau wins face-off versus Seth Griffith in Wolfes zone.
17:12 of 1st period - Off-side.
17:13 of 1st period - Artem Anisimov wins face-off versus Sebastian Aho in neutral zone.
17:16 of 1st period - Alexandre Grenier is hit by Brett Ponich and loses puck.
17:21 of 1st period - Slapshot by Dave Dziurzynski.
17:21 of 1st period - Stopped by Laurent Brossoit with a rebound.
17:23 of 1st period - Slapshot by Morgan Ellis.
17:23 of 1st period - Stopped by Laurent Brossoit with a rebound.
17:25 of 1st period - Wrist shot by Morgan Ellis.
17:25 of 1st period - Stopped by Laurent Brossoit without a rebound.
17:26 of 1st period - Artem Anisimov wins face-off versus Martin Hanzal in Wolfes zone.
17:27 of 1st period - Slapshot by Richard Panik.
17:27 of 1st period - Deflect By Dave Dziurzynski.
17:27 of 1st period - Goal by Dave Dziurzynski - Wolfes : 1 - Gangsters : 1.
17:28 of 1st period - Artem Anisimov wins face-off versus Sebastian Aho in neutral zone.
17:33 of 1st period - Wrist shot by Artem Anisimov.
17:33 of 1st period - Shot Blocked by Lawson Crouse.
17:43 of 1st period - Slapshot by Alexandre Grenier.
17:43 of 1st period - Shot Misses the Net.
17:53 of 1st period - Slapshot by Kyle Rau.
17:53 of 1st period - Shot Misses the Net.
18:22 of 1st period - Wrist shot by Artem Anisimov.
18:22 of 1st period - Shot Blocked by Joe Morrow.
18:38 of 1st period - Slapshot by Alexandre Grenier.
18:38 of 1st period - Stopped by Jordan Binnington with a rebound.
18:40 of 1st period - Slapshot by Michael Stone.
18:40 of 1st period - Shot Blocked by Dave Dziurzynski.
18:42 of 1st period - Slapshot by Michael Stone.
18:42 of 1st period - Stopped by Jordan Binnington without a rebound.
18:43 of 1st period - Seth Griffith wins face-off versus Sebastian Aho in Gangsters zone.
18:43 of 1st period - Seth Griffith is hit by Lawson Crouse.
19:01 of 1st period - Steven Santini is hit by Sebastian Aho and loses puck.
19:14 of 1st period - Alexandre Grenier is hit by Brett Ponich.
19:18 of 1st period - Damon Severson is hit by David Pope and loses puck.
19:27 of 1st period - Wrist shot by David Pope.
19:27 of 1st period - Shot Blocked by Sebastian Aho.
19:37 of 1st period - Martin Hanzal is hit by Morgan Ellis and loses puck.
Goals for this period are 1 for Wolfes vs 1 for Gangsters.
Shots for this period are 14 for Wolfes vs 16 for Gangsters.
2nd period
0:01 of 2nd period - Artem Anisimov wins face-off versus Martin Hanzal in neutral zone.
1:13 of 2nd period - Snap shot by David Pope.
1:13 of 2nd period - Stopped by Laurent Brossoit without a rebound.
1:14 of 2nd period - Matthew Highmore wins face-off versus Artem Anisimov in Wolfes zone.
1:21 of 2nd period - Slapshot by Eric Robinson.
1:21 of 2nd period - Stopped by Jordan Binnington with a rebound.
1:23 of 2nd period - Slapshot by Joe Morrow.
1:23 of 2nd period - Shot Blocked by Artem Anisimov.
1:25 of 2nd period - Slapshot by Jakub Zboril.
1:25 of 2nd period - Shot Blocked by Artem Anisimov.
1:27 of 2nd period - Snap shot by Thomas Spelling.
1:27 of 2nd period - Shot Blocked by Jonas Brodin.
1:29 of 2nd period - Snap shot by Thomas Spelling.
1:29 of 2nd period - Stopped by Jordan Binnington with a rebound.
1:33 of 2nd period - Snap shot by Thomas Spelling.
1:33 of 2nd period - Shot Misses the Net.
1:35 of 2nd period - Snap shot by Thomas Spelling.
1:35 of 2nd period - Stopped by Jordan Binnington without a rebound.
1:36 of 2nd period - Seth Griffith wins face-off versus Max Friberg in Gangsters zone.
1:48 of 2nd period - Off-side.
1:49 of 2nd period - Martin Hanzal wins face-off versus Artem Anisimov in neutral zone.
1:52 of 2nd period - Snap shot by Max Friberg.
1:52 of 2nd period - Shot Misses the Net.
2:24 of 2nd period - Off-side.
2:25 of 2nd period - Kyle Rau wins face-off versus Seth Griffith in neutral zone.
2:56 of 2nd period - Snap shot by Dave Dziurzynski.
2:56 of 2nd period - Shot Blocked by Max Friberg.
2:58 of 2nd period - Snap shot by Dave Dziurzynski.
2:58 of 2nd period - Shot Misses the Net.
3:00 of 2nd period - Snap shot by Derrick Pouliot.
3:00 of 2nd period - Shot Blocked by Fredrik Olofsson.
3:11 of 2nd period - Off-side.
3:12 of 2nd period - Kevin Roy wins face-off versus Sebastian Aho in neutral zone.
3:38 of 2nd period - Icing by Jeffrey Foss.
3:39 of 2nd period - Artem Anisimov wins face-off versus Martin Hanzal in Wolfes zone.
4:04 of 2nd period - Snap shot by Thomas Spelling.
4:04 of 2nd period - Deflect By Eric Robinson.
4:04 of 2nd period - Stopped by Jordan Binnington with a rebound.
4:06 of 2nd period - Wrist shot by Matthew Highmore.
4:06 of 2nd period - Deflect By Eric Robinson.
4:06 of 2nd period - Shot Blocked by Artem Anisimov.
4:06 of 2nd period - Puck is out of play.
4:07 of 2nd period - Matthew Highmore wins face-off versus Seth Griffith in Gangsters zone.
4:10 of 2nd period - Slapshot by Joe Morrow.
4:10 of 2nd period - Stopped by Jordan Binnington without a rebound.
4:11 of 2nd period - Seth Griffith wins face-off versus Matthew Highmore in Gangsters zone.
4:36 of 2nd period - Slapshot by Sebastian Collberg.
4:36 of 2nd period - Shot Misses the Net.
4:44 of 2nd period - Snap shot by Joe Morrow.
4:44 of 2nd period - Deflect By Matthew Highmore.
4:44 of 2nd period - Shot Misses the Net.
4:44 of 2nd period - Puck is out of play.
4:45 of 2nd period - Artem Anisimov wins face-off versus Sebastian Aho in Gangsters zone.
4:54 of 2nd period - Damon Severson is hit by Artem Anisimov and loses puck.
5:11 of 2nd period - Derrick Pouliot is hit by Fredrik Olofsson and loses puck.
5:33 of 2nd period - Icing by Kevin Roy.
5:34 of 2nd period - Kevin Roy wins face-off versus Kyle Rau in Gangsters zone.
5:43 of 2nd period - Snap shot by Victor Olofsson.
5:43 of 2nd period - Shot Misses the Net.
5:45 of 2nd period - Wrist shot by Kyle Rau.
5:45 of 2nd period - Stopped by Jordan Binnington with a rebound.
5:47 of 2nd period - Slapshot by Jeffrey Foss.
5:47 of 2nd period - Stopped by Jordan Binnington with a rebound.
5:49 of 2nd period - Wrist shot by Victor Olofsson.
5:49 of 2nd period - Stopped by Jordan Binnington with a rebound.
6:23 of 2nd period - Wrist shot by David Pope.
6:23 of 2nd period - Shot Misses the Net.
6:25 of 2nd period - Slapshot by Brett Ponich.
6:25 of 2nd period - Stopped by Laurent Brossoit with a rebound.
6:27 of 2nd period - Slapshot by Morgan Ellis.
6:27 of 2nd period - Stopped by Laurent Brossoit with a rebound.
6:51 of 2nd period - Wrist shot by Seth Griffith.
6:51 of 2nd period - Shot Blocked by Jeffrey Foss.
6:59 of 2nd period - Derrick Pouliot is hit by Lawson Crouse and loses puck.
7:04 of 2nd period - Slapshot by Sebastian Aho.
7:04 of 2nd period - Stopped by Jordan Binnington with a rebound.
7:06 of 2nd period - Slapshot by Alexandre Grenier.
7:06 of 2nd period - Stopped by Jordan Binnington with a rebound.
7:08 of 2nd period - Slapshot by Michael Stone.
7:08 of 2nd period - Shot Misses the Net.
7:10 of 2nd period - Wrist shot by Sebastian Aho.
7:10 of 2nd period - Goal by Sebastian Aho - Wolfes : 2 - Gangsters : 1.
7:11 of 2nd period - Martin Hanzal wins face-off versus Artem Anisimov in neutral zone.
7:19 of 2nd period - Off-side.
7:20 of 2nd period - Martin Hanzal wins face-off versus Artem Anisimov in neutral zone.
7:25 of 2nd period - Wrist shot by Martin Hanzal.
7:25 of 2nd period - Stopped by Jordan Binnington without a rebound.
7:26 of 2nd period - Kyle Rau wins face-off versus Artem Anisimov in Gangsters zone.
7:32 of 2nd period - Icing by Morgan Ellis.
7:33 of 2nd period - Artem Anisimov wins face-off versus Kyle Rau in Gangsters zone.
7:55 of 2nd period - Icing by Kyle Rau.
7:56 of 2nd period - Kyle Rau wins face-off versus Seth Griffith in Wolfes zone.
8:03 of 2nd period - Snap shot by Martin Hanzal.
8:03 of 2nd period - Shot Blocked by Derrick Pouliot.
8:21 of 2nd period - Slapshot by Joe Morrow.
8:21 of 2nd period - Stopped by Jordan Binnington with a rebound.
8:24 of 2nd period - Icing by Jonas Brodin.
8:25 of 2nd period - Sebastian Aho wins face-off versus Artem Anisimov in Gangsters zone.
8:40 of 2nd period - Wrist shot by Artem Anisimov.
8:40 of 2nd period - Shot Blocked by Damon Severson.
8:42 of 2nd period - Snap shot by Jonas Brodin.
8:42 of 2nd period - Shot Misses the Net.
8:50 of 2nd period - Slapshot by Richard Panik.
8:50 of 2nd period - Shot Misses the Net.
9:00 of 2nd period - Wrist shot by Dave Dziurzynski.
9:00 of 2nd period - Shot Misses the Net.
9:02 of 2nd period - Snap shot by Dave Dziurzynski.
9:02 of 2nd period - Stopped by Laurent Brossoit without a rebound.
9:03 of 2nd period - Martin Hanzal wins face-off versus Seth Griffith in Wolfes zone.
9:03 of 2nd period - Martin Hanzal is hit by Seth Griffith.
9:33 of 2nd period - Wrist shot by Victor Olofsson.
9:33 of 2nd period - Stopped by Jordan Binnington without a rebound.
9:34 of 2nd period - Kyle Rau wins face-off versus Artem Anisimov in Gangsters zone.
9:35 of 2nd period - Snap shot by Victor Olofsson.
9:35 of 2nd period - Deflect By Kyle Rau.
9:35 of 2nd period - Shot Misses the Net.
9:35 of 2nd period - Puck is out of play.
9:36 of 2nd period - Artem Anisimov wins face-off versus Kyle Rau in Gangsters zone.
9:36 of 2nd period - Artem Anisimov is hit by Damon Severson.
10:01 of 2nd period - Seth Griffith is hit by Damon Severson and loses puck.
11:01 of 2nd period - Off-side.
11:02 of 2nd period - Richard Panik wins face-off versus Kyle Rau in neutral zone.
11:49 of 2nd period - Sebastian Collberg is hit by Fredrik Olofsson and loses puck.
12:10 of 2nd period - Slapshot by Sebastian Aho.
12:10 of 2nd period - Shot Blocked by Adam Lowry.
12:48 of 2nd period - Samuel Blais is hit by Matthew Highmore and loses puck.
13:13 of 2nd period - Sebastian Aho is hit by Phillip Danault and loses puck.
14:12 of 2nd period - Wrist shot by Stefan Noesen.
14:12 of 2nd period - Shot Blocked by Joe Morrow.
14:18 of 2nd period - Jakub Zboril is hit by Samuel Blais and loses puck.
15:05 of 2nd period - Slapshot by Brett Ponich.
15:05 of 2nd period - Stopped by Laurent Brossoit without a rebound.
15:06 of 2nd period - Matthew Highmore wins face-off versus Stefan Noesen in Wolfes zone.
15:06 of 2nd period - Matthew Highmore is hit by Samuel Blais.
16:48 of 2nd period - Slapshot by Damon Severson.
16:48 of 2nd period - Shot Blocked by Stefan Noesen.
16:58 of 2nd period - Jakub Zboril is hit by Sebastian Collberg and loses puck.
17:35 of 2nd period - Slapshot by Phillip Danault.
17:35 of 2nd period - Stopped by Laurent Brossoit with a rebound.
17:37 of 2nd period - Snap shot by Brett Ponich.
17:37 of 2nd period - Shot Misses the Net.
17:39 of 2nd period - Snap shot by Derrick Pouliot.
17:39 of 2nd period - Stopped by Laurent Brossoit without a rebound.
17:40 of 2nd period - Sebastian Aho wins face-off versus Richard Panik in Wolfes zone.
18:23 of 2nd period - Minor Penalty to Stefan Noesen for Hooking.
18:24 of 2nd period - Richard Panik wins face-off versus Kyle Rau in Gangsters zone.
18:49 of 2nd period - Damon Severson is hit by Richard Panik.
19:23 of 2nd period - Kevin Roy is hit by Joe Morrow and loses puck.
19:50 of 2nd period - Jonas Brodin is hit by Thomas Spelling and loses puck.
Goals for this period are 1 for Wolfes vs 0 for Gangsters.
Shots for this period are 14 for Wolfes vs 7 for Gangsters.
3rd period
0:01 of 3rd period - Richard Panik wins face-off versus Sebastian Aho in neutral zone.
0:10 of 3rd period - Snap shot by Sebastian Aho.
0:10 of 3rd period - Stopped by Jordan Binnington without a rebound.
0:11 of 3rd period - Richard Panik wins face-off versus Kyle Rau in Gangsters zone.
0:20 of 3rd period - Snap shot by Michael Stone.
0:20 of 3rd period - Goal by Michael Stone - Wolfes : 3 - Gangsters : 1.
0:21 of 3rd period - Artem Anisimov wins face-off versus Sebastian Aho in neutral zone.
0:26 of 3rd period - Backhand shot by Artem Anisimov.
0:26 of 3rd period - Stopped by Laurent Brossoit without a rebound.
0:27 of 3rd period - Artem Anisimov wins face-off versus Sebastian Aho in Wolfes zone.
1:02 of 3rd period - Snap shot by Max Friberg.
1:02 of 3rd period - Shot Blocked by Brett Ponich.
1:04 of 3rd period - Snap shot by Fredrik Olofsson.
1:04 of 3rd period - Goal by Fredrik Olofsson - Wolfes : 4 - Gangsters : 1.
1:05 of 3rd period - Martin Hanzal wins face-off versus Artem Anisimov in neutral zone.
1:57 of 3rd period - Wrist shot by Seth Griffith.
1:57 of 3rd period - Shot Misses the Net.
1:59 of 3rd period - Wrist shot by Samuel Blais.
1:59 of 3rd period - Shot Misses the Net.
2:01 of 3rd period - Slapshot by Samuel Blais.
2:01 of 3rd period - Stopped by Laurent Brossoit with a rebound.
2:25 of 3rd period - Snap shot by Thomas Spelling.
2:25 of 3rd period - Stopped by Jordan Binnington without a rebound.
2:26 of 3rd period - Kyle Rau wins face-off versus Artem Anisimov in Gangsters zone.
2:30 of 3rd period - Minor Penalty to Jonas Brodin for Hooking.
2:31 of 3rd period - Richard Panik wins face-off versus Sebastian Aho in Gangsters zone.
2:39 of 3rd period - Snap shot by Sebastian Aho.
2:39 of 3rd period - Stopped by Jordan Binnington with a rebound.
3:23 of 3rd period - Jeffrey Foss is hit by Dave Dziurzynski and loses puck.
3:42 of 3rd period - Artem Anisimov is hit by Jeffrey Foss.
4:02 of 3rd period - Max Friberg is hit by Derrick Pouliot and loses puck.
4:30 of 3rd period - Penalty to Jonas Brodin is over, Jonas Brodin is back on ice.
4:34 of 3rd period - Minor Penalty to Connor Chatam for Hooking.
4:35 of 3rd period - Kyle Rau wins face-off versus Richard Panik in Gangsters zone.
5:12 of 3rd period - Brett Ponich is hit by Joe Morrow and loses puck.
5:41 of 3rd period - Icing by Michael Stone.
5:42 of 3rd period - Kyle Rau wins face-off versus Kevin Roy in Wolfes zone.
6:34 of 3rd period - Penalty to Connor Chatam is over, Connor Chatam is back on ice.
6:43 of 3rd period - Icing by Kevin Roy.
6:44 of 3rd period - Eric Robinson wins face-off versus Kevin Roy in Gangsters zone.
6:49 of 3rd period - Snap shot by Anton Karlsson.
6:49 of 3rd period - Deflect By Victor Olofsson.
6:49 of 3rd period - Stopped by Jordan Binnington with a rebound.
6:51 of 3rd period - Snap shot by Anton Karlsson.
6:51 of 3rd period - Shot Misses the Net.
6:53 of 3rd period - Wrist shot by Anton Karlsson.
6:53 of 3rd period - Stopped by Jordan Binnington with a rebound.
7:18 of 3rd period - Morgan Ellis is hit by Anton Lindholm and loses puck.
7:25 of 3rd period - Minor Penalty to Anton Lindholm for Tripping.
7:26 of 3rd period - Artem Anisimov wins face-off versus Alexandre Grenier in Wolfes zone.
8:19 of 3rd period - Artem Anisimov is hit by Damon Severson and loses puck.
8:40 of 3rd period - Brett Ponich is hit by Sebastian Aho.
8:41 of 3rd period - Icing by Brett Ponich.
8:42 of 3rd period - Alexandre Grenier wins face-off versus Seth Griffith in Gangsters zone.
8:53 of 3rd period - Wrist shot by Samuel Blais.
8:53 of 3rd period - Shot Misses the Net.
9:25 of 3rd period - Penalty to Anton Lindholm is over, Anton Lindholm is back on ice.
10:45 of 3rd period - Morgan Ellis is hit by Sebastian Aho and loses puck.
11:21 of 3rd period - Dave Dziurzynski is hit by Michael Stone and loses puck.
11:40 of 3rd period - Snap shot by Thomas Spelling.
11:40 of 3rd period - Goal by Thomas Spelling - Wolfes : 5 - Gangsters : 1.
11:41 of 3rd period - Artem Anisimov wins face-off versus Sebastian Aho in neutral zone.
11:46 of 3rd period - Wrist shot by Artem Anisimov.
11:46 of 3rd period - Shot Blocked by Joe Morrow.
11:48 of 3rd period - Snap shot by Richard Panik.
11:48 of 3rd period - Stopped by Laurent Brossoit without a rebound.
11:49 of 3rd period - Sebastian Aho wins face-off versus Artem Anisimov in Wolfes zone.
11:49 of 3rd period - Sebastian Aho is hit by Artem Anisimov.
12:03 of 3rd period - Backhand shot by Artem Anisimov.
12:03 of 3rd period - Stopped by Laurent Brossoit without a rebound.
12:04 of 3rd period - Seth Griffith wins face-off versus Martin Hanzal in Wolfes zone.
12:18 of 3rd period - Minor Penalty to Fredrik Olofsson for High sticking.
12:19 of 3rd period - Artem Anisimov wins face-off versus Alexandre Grenier in Wolfes zone.
12:20 of 3rd period - Snap shot by Richard Panik.
12:20 of 3rd period - Stopped by Laurent Brossoit without a rebound.
12:21 of 3rd period - Alexandre Grenier wins face-off versus Dave Dziurzynski in Wolfes zone.
12:30 of 3rd period - Snap shot by Dave Dziurzynski.
12:30 of 3rd period - Shot Blocked by Jeffrey Foss.
13:16 of 3rd period - Artem Anisimov is hit by Michael Stone and loses puck.
14:18 of 3rd period - Penalty to Fredrik Olofsson is over, Fredrik Olofsson is back on ice.
14:44 of 3rd period - Steven Santini is hit by Fredrik Olofsson and loses puck.
16:08 of 3rd period - Slapshot by Jeffrey Foss.
16:08 of 3rd period - Stopped by Jordan Binnington with a rebound.
16:10 of 3rd period - Snap shot by Eric Robinson.
16:10 of 3rd period - Shot Misses the Net.
16:12 of 3rd period - Slapshot by Thomas Spelling.
16:12 of 3rd period - Stopped by Jordan Binnington without a rebound.
16:13 of 3rd period - Sebastian Aho wins face-off versus Artem Anisimov in Gangsters zone.
16:26 of 3rd period - Snap shot by Alexandre Grenier.
16:26 of 3rd period - Shot Misses the Net.
17:06 of 3rd period - Snap shot by Max Friberg.
17:06 of 3rd period - Shot Misses the Net.
17:27 of 3rd period - Slapshot by Damon Severson.
17:27 of 3rd period - Deflect By Max Friberg.
17:27 of 3rd period - Shot Misses the Net.
17:27 of 3rd period - Puck is out of play.
17:28 of 3rd period - Sebastian Aho wins face-off versus Artem Anisimov in Gangsters zone.
18:54 of 3rd period - Jeffrey Foss is hit by Richard Panik and loses puck.
19:23 of 3rd period - Slapshot by Morgan Ellis.
19:23 of 3rd period - Shot Misses the Net.
19:25 of 3rd period - Slapshot by Brett Ponich.
19:25 of 3rd period - Shot Blocked by Damon Severson.
19:27 of 3rd period - Snap shot by Seth Griffith.
19:27 of 3rd period - Stopped by Laurent Brossoit with a rebound.
19:37 of 3rd period - Kyle Rau is hit by Brett Ponich and loses puck.
19:49 of 3rd period - Minor Penalty to Connor Chatam for Holding.
19:50 of 3rd period - Richard Panik wins face-off versus Sebastian Aho in Gangsters zone.
Goals for this period are 3 for Wolfes vs 0 for Gangsters.
Shots for this period are 10 for Wolfes vs 6 for Gangsters.